 Dungeon Crawl Stone Soup version 0.20.1-1-g8b1a95d (webtiles) character file.

89 slep the Skirmisher (level 4, -2/35 HPs)
             Began as a Vampire Abyssal Knight on Oct 26, 2017.
             Was a Follower of Lugonu.
             Killed from afar by a white imp (8 damage)
             ... with a puff of frost
             ... summoned by Natasha
             ... on level 2 of the Dungeon.
             The game lasted 00:08:37 (991 turns).

slep the Skirmisher (Vampire Abyssal Knight)         Turns: 991, Time: 00:08:37

Health: -2/35      AC:  3    Str: 11    XL:     4   Next: 31%
Magic:  5/5        EV: 12    Int: 18    God:    Lugonu [*.....]
Gold:   93         SH:  3    Dex: 14    Spells: 3/3 levels left

rFire    . . .     SeeInvis +   h - +1 whip (vamp)
rCold    . . .     Gourm    .   l - +0 buckler
rNeg     . . .     Faith    .   b - +0 leather armour
rPois    .         Spirit   .   (no helmet)
rElec    .         Reflect  .   (no cloak)
rCorr    .         Harm     .   (no gloves)
MR       .....                  (no boots)
Stlth    +.........             (no amulet)
Regen    0.4/turn               e - +4 ring of intelligence
MPRegen  0.1/turn               (no ring)

@: regenerating quickly, slowed, very slow
A: fangs 3, see invisible, unbreathing
a: Depart the Abyss, Renounce Religion


You were on level 2 of the Dungeon.
You worshipped Lugonu.
Lugonu was aware of your devotion.
You were very full.

You visited 1 branch of the dungeon, and saw 2 of its levels.
You visited the Abyss 1 time.

You collected 93 gold pieces.

Inventory:

Hand Weapons
 a - a +1 falchion
 h - a +1 vampiric whip (weapon)
 p - a +0 dagger of venom
 q - a +1 whip of venom
Armour
 b - a +0 leather armour (worn)
 l - a +0 buckler (worn)
Jewellery
 e - a +4 ring of intelligence (left hand)
Scrolls
 d - 3 scrolls of remove curse {unknown}
 j - a scroll of blinking {unknown}
 k - a scroll of magic mapping {unknown}
 m - a scroll of teleportation {unknown}
 s - a scroll of random uselessness {unknown}
Potions
 c - 15 potions of blood
 f - a potion of curing {unknown}
 g - a potion of mutation {unknown}
 i - a potion of lignification {unknown}
 n - 2 potions of agility {unknown}
 o - a potion of degeneration {unknown}
 r - a potion of heal wounds {unknown}


   Skills:
 + Level 3.3 Fighting
 + Level 2.4 Long Blades
 + Level 1.1 Maces & Flails
 + Level 1.5 Armour
 + Level 2.8 Dodging
 + Level 0.3 Shields
 + Level 1.8 Invocations


You had 3 spell levels left.
You didn't know any spells.

Dungeon Overview and Level Annotations

Branches:
Dungeon (2/15)

Altars:

Annotations:
D:2 Natasha


Innate Abilities, Weirdness & Mutations

Your natural rate of healing is unusually fast.
You have razor-sharp teeth.
You have supernaturally acute eyesight. (SInv)
You can survive without breathing.


Message History

Natasha closely misses you. The white imp closely misses you.
You closely miss Natasha.
Natasha is almost dead.
The white imp hits you but does no damage.
Natasha claws you!
* * * LOW HITPOINT WARNING * * *
You barely miss Natasha.
Natasha is almost dead.
Natasha casts a spell at you.
You feel yourself slow down.
The white imp hits you but does no damage.
You hit Natasha but do no damage. You bite Natasha.
Natasha is almost dead.
Natasha claws you but does no damage. The white imp completely misses you.
You completely miss Natasha.
Natasha is almost dead.
The white imp disappears in a puff of smoke!
Natasha mumbles some strange words.
The white imp gestures at you. The puff of frost hits you!
You die...

..# .... #.####.....#
#...... #.####.###.)
#.....####....#.# ##.
#...............####.
#..#.###......>......
#####.....##.....##>##.##
.................#.....#
#..(..<..#......#†..####
...##..#@##.##...÷..## #
#####....§h..#..###### #
##......###5....## #
#.....#.# ##.5.## #
........####...# #
...(...........# #
!.........##.### #
.......#####.# # %r.....
... #


You could see Natasha, a crimson imp and a white imp.

Vanquished Creatures
  Natasha (D:2)
  2 adders (D:2)
  An ooze (D:2)
  A ball python (D:1)
  A giant cockroach (D:1)
  7 goblins
  3 hobgoblins (D:1)
  9 jackals
  8 kobolds
  A frilled lizard (D:1)
  3 rats
37 creatures vanquished.

Notes
Turn   | Place    | Note
-------+----------+-------------------------------------------
     0 | Abyss:1  | slep the Vampire Abyssal Knight began the quest for the Orb.
     0 | Abyss:1  | Reached XP level 1. HP: 17/17 MP: 2/2
    94 | Abyss:1  | Noticed a worldbinder
    96 | Abyss:1  | Noticed a deep elf mage
    96 | Abyss:1  | Noticed a deep elf mage
    96 | D:1      | Escaped the Abyss
   275 | D:1      | Reached * piety under Lugonu
   275 | D:1      | Reached XP level 2. HP: 10/23 MP: 3/3
   277 | D:1      | Reached skill level 3 in Fighting
   476 | D:1      | Reached skill level 1 in Armour
   725 | D:2      | Reached XP level 3. HP: 29/29 MP: 4/4
   833 | D:2      | Noticed Natasha
   868 | D:2      | Killed Natasha
   868 | D:2      | Reached skill level 1 in Maces & Flails
   868 | D:2      | Reached XP level 4. HP: 5/35 MP: 5/5
   896 | D:2      | Noticed Natasha
   991 | D:2      | Killed from afar by a white imp

Skill      XL: |  1  2  3 |
---------------+----------+-----
Fighting       | 3 |  3.3
Armour         | 1 |  1.5
Maces & Flails | 1 |  1.1
Long Blades    | |  2.4
Dodging        | |  2.8
Shields        | |  0.3
Invocations    | |  1.8

Action                   |  1- 3 |  4- 6 || total
-------------------------+-------+-------++-------
Melee: Falchion          |    51 |       ||    51
       Bite              |     6 |     1 ||     7
       Whip              |    71 |    13 ||    84
Invok: Depart the Abyss  |     1 |       ||     1
  Eat: Corpse            |     4 |     3 ||     7
Armor: Leather armour    |    36 |     3 ||    39
Dodge: Dodged            |    70 |     9 ||    79
Block: Buckler           |    21 |     1 ||    22
       Rpst.: Falchion   |     6 |       ||     6
